 Dungeon Crawl Stone Soup version 0.27-a0-898-g810843a28d (webtiles) character file.

Game seed: 3232222622781751097

8 Alarkh the Insei (level 2, 22/22 HPs)
             Began as a Demonspawn Gladiator on Apr 5, 2021.
             Got out of the dungeon alive.
             The game lasted 00:00:23 (479 turns).

Alarkh the Insei (Demonspawn Gladiator)              Turns: 479, Time: 00:00:24

Health: 22/22      AC:  4    Str: 14    XL:     2   Next: 0%
Magic:  2/2        EV: 12    Int:  9    God:
Gold:   45         SH:  0    Dex: 14    Spells: 1/1 levels left

rFire    . . .     SeeInvis .     - Unarmed
rCold    . . .     Faith    .   (no shield)
rNeg     . . .     Spirit   .   a - +0 leather armour
rPois    .         Reflect  .   b - +0 helmet
rElec    .         Harm     .   (no cloak)
rCorr    .         Rampage  .   (no gloves)
Will     .....                  (no boots)
Stlth    +.........             (no amulet)
HPRegen  0.07/turn              (no ring)
MPRegen  0.16/turn              (no ring)

@: no status effects
A: magic regeneration
a: no special abilities


You escaped.
You visited 1 branch of the dungeon, and saw 1 of its levels.

You collected 45 gold pieces.

Inventory:

Missiles
 c - 3 throwing nets (quivered)
Armour
 a - a +0 leather armour (worn)
 b - a +0 helmet (worn)
Scrolls
 d - a scroll of vulnerability {unknown}


   Skills:
 + Level 2.2 Fighting
 - Level 1.7 Throwing
 - Level 2.6 Dodging
 * Level 3.1 Unarmed Combat


You had one spell level left.
You didn't know any spells.
Your spell library was empty.

Dungeon Overview and Level Annotations

Branches:
Dungeon (1/15)

Altars:


Innate Abilities, Weirdness & Mutations

You regenerate magic rapidly.


Message History

You barely miss the goblin.
The goblin is moderately wounded.
The goblin completely misses you.
You hit the goblin.
You kill the goblin!
No target in view!
No target in view!
No target in view!
No target in view!
No target in view!
No target in view!
You now have 3 gold pieces.
Things that are here:
a +0 dagger; a goblin corpse You now have 16 gold pieces (gained 13).
You now have 30 gold pieces (gained 14).
You now have 45 gold pieces (gained 15).
d - a scroll labelled OJOGRO PISH A bat comes into view.
A bat is nearby!
A bat is nearby!
The bat hits you but does no damage. The bat barely misses you. x2
You closely miss the bat. The bat closely misses you. The bat misses you.
You hit the bat.
The bat is heavily wounded.
The bat hits you but does no damage. The bat closely misses you.
You closely miss the bat.
The bat is heavily wounded.
The bat barely misses you.
You hit the bat.
You kill the bat!
You have reached level 2!
Your demonic ancestry asserts itself...
Your magic begins to regenerate rapidly.
There is an open door here.
There is a staircase leading out of the dungeon here.
Are you sure you want to leave the Dungeon?
This will make you lose the game!
You have escaped!

..#.......
#############.#.......
#....(......#.#.......
#.####.####.#.....w...
#.......#.#.#........
#.#####.#.#.#........
#.#...#.#.#)#........
#.#...#.#.#.#........
..
#...@.#.#.'.#........
##.. #
#.#...#.#.#.#........
#... .#
#.#...#.#.#.#........
#..##.
#.#####.#.#.#........
#....
#.......#.#...###+###
#...#
#.####.####.#.#.###.#
#...#
#...........#.#.....#
#...#
#############.#.....#
###...# ..#.....#


There were no monsters in sight!

Vanquished Creatures
  A bat (D:1)
  2 endoplasms (D:1)
  2 goblins (D:1)
  A hobgoblin (D:1)
6 creatures vanquished.

Notes
Turn   | Place    | Note
-------+----------+-------------------------------------------
     0 | D:1      | Alarkh the Demonspawn Gladiator began the quest for the
                  | Orb.
     0 | D:1      | Reached XP level 1. HP: 16/16 MP: 1/1
   333 | D:1      | Found a faded altar of an unknown god.
   340 | D:1      | Reached skill level 3 in Unarmed Combat
   406 | D:1      | Gained mutation: You regenerate magic rapidly. [demonic
                  | ancestry]
   406 | D:1      | Reached XP level 2. HP: 22/22 MP: 2/2
   479 | D:$      | Got out of the dungeon alive.

Illustrated notes

Levels and vault maps discovered:
D:1:      matt_arrival_refuge, layout_basic,
          ebering_ecumenical_altar_sacrificial, minmay_misc_feat_chi,
          chequers_garden, eino_curves_03

Skill      XL: |  1 |
---------------+----+-----
Unarmed Combat | 3 |  3.1
Fighting       | |  2.2
Throwing       | |  1.7
Dodging        | |  2.6

Action                   || total
-------------------------++-------
Melee: Unarmed           ||    31
Armor: Leather armour    ||     5
Dodge: Dodged            ||    22

Table legend: (Time is in decaauts)
 A = Elapsed time spent in this place.
 B = Non-inter-level travel time spent in this place.
 C = Inter-level travel time spent in this place.
 D = Time resting spent in this place.
 E = Time spent auto-exploring this place.
 F = Levels seen in this place.
 G = Mean time per level.
                   A        B        C        D        E       F      G
               +--------+--------+--------+--------+--------+-----+--------+
         Total |    477 |    405 |     72 |    238 |    110 |   1 |  477.0 |
       Dungeon |    477 |    405 |     72 |    238 |    110 |   1 |  477.0 |
               +--------+--------+--------+--------+--------+-----+--------+

Top non-repeatable levels by time:
     D:1: 477 daAuts
